 Dungeon Crawl Stone Soup version 0.27-a0-1140-g099f9bb0e8 (webtiles) character file.

Game seed: 12021343011252714711

11 freelancePsychic the Skirmisher (level 2, -1/24 HPs)
             Began as a Demonspawn Monk on May 9, 2021.
             Slain by a hornet zombie (5 damage)
             ... on level 2 of the Dungeon.
             The game lasted 00:00:52 (549 turns).

freelancePsychic the Skirmisher (Demonspawn Monk)    Turns: 549, Time: 00:00:52

Health: -1/24      AC:  2    Str: 11    XL:     2   Next: 13%
Magic:  2/2        EV: 12    Int: 11    God:
Gold:   29         SH:  0    Dex: 15    Spells: 1/1 levels left

rFire    . . .     SeeInvis .     - Unarmed
rCold    . . .     Faith    .   (no shield)
rNeg     . . .     Spirit   .   a - +0 robe
rPois    .         Reflect  .   (no helmet)
rElec    .         Harm     .   (no cloak)
rCorr    .         Rampage  .   (no gloves)
Will     .....                  (no boots)
Stlth    ++........             (no amulet)
HPRegen  0.08/turn              (no ring)
MPRegen  0.08/turn              (no ring)

@: no status effects
A: foul stench 1
a: no special abilities


You were on level 2 of the Dungeon.
You visited 1 branch of the dungeon, and saw 2 of its levels.

You collected 29 gold pieces.

Inventory:

Armour
 a - a +0 robe (worn)
Potions
 b - a potion of brilliance {unknown}


   Skills:
 + Level 3.3 Fighting
 - Level 2.6 Dodging
 - Level 1.7 Stealth
 + Level 3.0 Unarmed Combat


You had one spell level left.
You didn't know any spells.
Your spell library was empty.

Dungeon Overview and Level Annotations

Branches:
Dungeon (1/15)

Altars:


Innate Abilities, Weirdness & Mutations

You may rarely emit foul miasma when damaged in melee.


Message History

You fall into a shaft and drop 1 floor!
The shaft crumbles and collapses.
A worm and an endoplasm come into view.
The endoplasm quivers.
You hit the endoplasm.
The endoplasm is lightly wounded.
You barely miss the endoplasm.
The endoplasm is lightly wounded.
The endoplasm closely misses you.
You barely miss the endoplasm.
The endoplasm is lightly wounded.
The endoplasm hits you but does no damage.
You hit the endoplasm.
The endoplasm is heavily wounded.
The endoplasm freezes you.
You are frozen.
You hit the endoplasm.
The endoplasm is almost dead.
The endoplasm misses you.
You hit the endoplasm.
You kill the endoplasm!
A ball python comes into view.
The ball python hisses angrily.
Found a scroll labelled AGUITI WIMO.
You hit the ball python.
The ball python is severely wounded.
The ball python closely misses you. The ball python grabs you.
The ball python constricts you.
You hear a distant slurping noise.
You hit the ball python.
You kill the ball python!
A hornet zombie comes into view.
You closely miss the hornet zombie. The hornet zombie hits you.
You hit the hornet zombie but do no damage.
The hornet zombie hits you but does no damage.
You closely miss the hornet zombie. The hornet zombie hits you!
Ouch! That really hurt!
* * * LOW HITPOINT WARNING * * *
You completely miss the hornet zombie. The hornet zombie hits you.
You die...

# # . #. .# #
.######.# #
#. .......##.
#..#.........
#....?Z...#
#@.#.##
#.....#
##...## #
##.#..#
#.##.....##
#.........+
#.......###
#.###w...#
#.#....#.#


You could see a hornet zombie.

Vanquished Creatures
  A dart slug (D:1)
  An endoplasm (D:2)
  A hobgoblin (D:1)
  A jackal (D:1)
  A ball python (D:2)
  A bat (D:1)
  A goblin (D:1)
  2 kobolds (D:1)
  A rat (D:1)
10 creatures vanquished.

Notes
Turn   | Place    | Note
-------+----------+-------------------------------------------
     0 | D:1      | freelancePsychic the Demonspawn Monk began the quest for
                  | the Orb.
     0 | D:1      | Reached XP level 1. HP: 18/18 MP: 1/1
   478 | D:1      | Gained mutation: You may rarely emit foul miasma when
                  | damaged in melee. [demonic ancestry]
   478 | D:1      | Reached XP level 2. HP: 22/24 MP: 2/2
   528 | D:1      | You fall into a shaft and drop 1 floor!
   549 | D:2      | Slain by a hornet zombie

Illustrated notes

Levels and vault maps discovered:
D:1:      amcnicky_arrival_underground_garden, layout_basic, minmay_tromino_v4_c
D:2:      layout_loops_corners, shapermc_ecumenical_altar_mp_urbaneastern,
          minmay_shallow_snake_nest, uniq_terence, uniq_jessica

Skill      XL: |  1 |
---------------+----+-----
Unarmed Combat | 3 |  3.0
Fighting       | |  3.3
Dodging        | |  2.6
Stealth        | |  1.7

Action                   || total
-------------------------++-------
Melee: Unarmed           ||    38
 Stab: Sleeping          ||     1
Armor: Robe              ||     8
Dodge: Dodged            ||    21

Table legend: (Time is in decaauts)
 A = Elapsed time spent in this place.
 B = Non-inter-level travel time spent in this place.
 C = Inter-level travel time spent in this place.
 D = Time resting spent in this place.
 E = Time spent auto-exploring this place.
 F = Levels seen in this place.
 G = Mean time per level.
                   A        B        C        D        E       F      G
               +--------+--------+--------+--------+--------+-----+--------+
         Total |    546 |    546 |      0 |    194 |    268 |   2 |  273.0 |
       Dungeon |    546 |    546 |      0 |    194 |    268 |   2 |  273.0 |
               +--------+--------+--------+--------+--------+-----+--------+

Top non-repeatable levels by time:
     D:1: 526 daAuts
     D:2: 19 daAuts
